 Dungeon Crawl Stone Soup version 0.23.2-30-g0e89c35649 (webtiles) character file.

Game seed: 9150795364839948104

97661 dvd the Blocker (level 15, -6/131 (132) HPs)
             Began as a Minotaur Fighter on June 25, 2019.
             Was the Champion of Makhleb.
             Mangled by an ettin
             ... wielding a +0 dire flail
              (19 damage)
             ... on level 11 of the Dungeon.
             The game lasted 01:01:47 (19453 turns).

dvd the Blocker (Minotaur Fighter)                 Turns: 19453, Time: 01:01:47

HP:   -6/131 (132)  AC: 31    Str: 24    XL:     15   Next: 72%
MP:   19/19         EV: 14    Int:  5    God:    Makhleb [******]
Gold: 1679          SH: 15    Dex: 24    Spells: 11/14 levels left

rFire    . . .     SeeInvis .   K - +1 war axe (chop)
rCold    + + .     Gourm    .   c - +0 shield
rNeg     . . .     Faith    .   Y - +3 plate armour {rF+}
rPois    .         Spirit   .   (helmet restricted)
rElec    .         Reflect  .   F - +0 cloak
rCorr    .         Harm     .   X - +2 pair of gloves {Dex+3}
MR       +....                  z - +2 pair of boots
Stlth    ..........             j - amulet of Faorch {+Rage rC+}
HPRegen  0.31/turn              T - ring of Yplum {Ice Dex+8}
MPRegen  0.16/turn              N - +5 ring of protection

@: no status effects
A: retaliatory headbutt, horns 2
a: Minor Destruction, Lesser Servant of Makhleb, Major Destruction, Greater
Servant of Makhleb, Renounce Religion, Evoke Berserk Rage


You were on level 11 of the Dungeon.
You worshipped Makhleb.
Makhleb was exalted by your worship.
You were not hungry.

You visited 3 branches of the dungeon, and saw 18 of its levels.
You also visited: Ossuary, Gauntlet and Volcano.

You collected 1679 gold pieces.

Inventory:

Hand Weapons
 r - a +5 morningstar of protection
 w - the +7 falchion "Gijoug" {speed, *Corrode MR++ Int+2}
   (You found it on level 4 of the Dungeon)

   Attacks with this weapon are significantly faster.
   It affects your intelligence (+2).
   It affects your resistance to hostile enchantments.
   It may corrode you when you take damage.
 B - the +3 hand axe "Poastu" {holy, rF+ Dex+4}
   (You found it on level 10 of the Dungeon)

   It has been blessed by the Shining One to cause great damage to the undead
   and demons.
   It affects your dexterity (+4).
   It protects you from fire.
 E - a +4 scimitar of flaming
 I - the +7 spear "Joosach" {flame, *Noise rElec rN+++ SInv}
   (You found it on level 6 of the Dungeon)

   It has been specially enchanted to burn those struck by it, causing extra
   injury to most foes and up to half again as much damage against particularly
   susceptible opponents.
   It insulates you from electricity.
   It renders you almost immune to negative energy.
   It lets you see invisible.
   It may make noises in combat.
 K - a +1 war axe of chopping (weapon)
 O - the +3 long sword of Gingocen {speed, Int+2}
   (You found it on level 8 of the Dungeon)

   Attacks with this weapon are significantly faster.
   It affects your intelligence (+2).
 U - a +1 war axe of venom
Missiles
 S - 4 poisoned javelins (quivered)
Armour
 c - a +0 shield (worn)
 d - +0 fire dragon scales
 z - a +2 pair of boots (worn)
 F - a +0 cloak (worn)
 X - a +2 pair of gloves of dexterity (worn)
 Y - a +3 plate armour of fire resistance (worn)
Jewellery
 a - an uncursed ring of protection from magic
 b - the ring of Qompeu {rN+ EV-3 SInv}
   (You found it in a Gauntlet)

   [ring of evasion]

   It affects your evasion (-3).
   It protects you from negative energy.
   It lets you see invisible.
 j - the amulet of Faorch (around neck) {+Rage rC+}
   (You took it off a minotaur in a Gauntlet)

   [amulet of rage]

   It protects you from cold.
   It lets you go berserk.
 o - a +5 ring of intelligence
 D - an uncursed amulet of the gourmand
 N - a +5 ring of protection (right hand)
 P - a +3 ring of evasion
 T - the ring of Yplum (left hand) {Ice Dex+8}
   (You found it on level 4 of the Lair of Beasts)

   [ring of ice]

   It enhances your ice magic.
   It affects your dexterity (+8).
   It makes you vulnerable to fire.
   It protects you from cold.
Wands
 u - a wand of iceblast (23)
 v - a wand of flame (33)
 y - a wand of random effects (20)
 G - a wand of disintegration (19)
 J - a wand of polymorph (8)
 M - a wand of scattershot (6)
 V - a wand of paralysis (7)
Scrolls
 g - 6 scrolls of remove curse
 h - 7 scrolls of fog
 l - 9 scrolls of teleportation
 p - 6 scrolls of fear
 q - 14 scrolls of identify
 t - 2 scrolls of enchant weapon
 A - 4 scrolls of brand weapon
 H - a scroll of enchant armour
 L - a scroll of amnesia
 R - a scroll of blinking
Potions
 e - 8 potions of curing
 i - 4 potions of heal wounds
 k - 6 potions of flight
 n - 2 potions of brilliance
 s - 2 potions of haste
 x - 3 potions of resistance
 Q - 3 potions of mutation
 W - a potion of ambrosia
 Z - 2 potions of might
Comestibles
 f - 34 rations
 m - 6 chunks of flesh


   Skills:
 + Level 11.8 Fighting
 + Level 9.8 Long Blades
 + Level 12.0(14.2) Axes
 + Level 4.5(9.1) Maces & Flails
 + Level 12.1(14.0) Polearms
 + Level 10.7 Armour
 + Level 9.4 Dodging
 + Level 3.5 Stealth
 + Level 14.2 Shields
 + Level 7.6 Invocations
 + Level 1.7 Evocations


You had 11 spell levels left.
You knew the following spells:

 Your Spells              Type           Power        Failure   Level  Hunger
a - Regeneration          Chrm/Necr      #.........   100%        3    ####...

Your spell library contained the following spells:

 Spells                   Type           Power        Failure   Level  Hunger
 Animate Skeleton         Necr           N/A          99%         1    ##.....
 Pain                     Necr           #...         99%         1    ##.....
 Sandblast                Erth           #.....       99%         1    ##.....
 Passwall                 Tmut/Erth      #.......     100%        2    ###....
 Song of Slaying          Chrm           #.......     100%        2    ###....
 Gell's Gravitas          Tloc           #.........   100%        3    ####...
 Portal Projectile        Hex/Tloc       #.....       100%        3    ####...
 Stone Arrow              Conj/Erth      #.....       100%        3    ####...
 Summon Guardian Golem    Hex/Summ       #.......     100%        3    ####...
 Vampiric Draining        Necr           #.........   100%        3    ####...
 Animate Dead             Necr           N/A          100%        4    #####..
 Force Lance              Conj/Tloc      #.......     100%        4    #####..
 Petrify                  Tmut/Erth      #.......     100%        4    #####..
 Lee's Rapid Deconstruct  Erth           #.........   100%        5    ######.
 Silence                  Hex/Air        #.........   100%        5    ######.
 Dispersal                Tloc           #.........   100%        6    #######
 Malign Gateway           Summ/Tloc      #.........   100%        7    #######
 Monstrous Menagerie      Summ           #.........   100%        7    #######
 Summon Greater Demon     Summ           #.........   100%        7    #######
 Controlled Blink         Tloc           N/A          100%        8    #######
 Disjunction              Tloc           #.........   100%        8    #######
 Summon Horrible Things   Summ           #.........   100%        8    #######


Dungeon Overview and Level Annotations

Branches:
Dungeon (11/15)            Temple (1/1) D:5            Lair (6/6) D:10
  Swamp (0/4) Lair:2        Snake (0/4) Lair:4        Slime (0/5) Lair:6
    Orc: D:9-12

Altars:
Ashenzari
Elyvilon
Hepliaklqana
Makhleb
Xom
Yredelemnul
The Shining One
Jiyva

Shops:
D:4 (   D:7 *   D:10 *


Innate Abilities, Weirdness & Mutations

You reflexively headbutt those who attack you in melee.
You have a pair of horns on your head.


Message History

Unknown command.
You hit the ettin. Your headbutt misses the ettin.
The ettin is severely wounded.
You hit the deep elf mage.
The deep elf mage gestures at you while chanting.
The bolt of lightning misses you. You block the ettin's attack. x2
Unknown command.
You hit the ettin. Your headbutt misses the ettin.
The ettin is severely wounded.
You slash the deep elf mage!
You kill the deep elf mage!
Makhleb accepts your kill.
Your base Axes skill increases to level 12!
Unknown command.
You slash the ettin!
The ettin is almost dead.
The ettin hits you with a +0 dire flail!!
* * * LOW HITPOINT WARNING * * *
The ettin hits you with a +0 dire flail!!
You die...

###.....#.#(....#.#########
#..###.#.######..##
###...#.##.") #.##
###..#.#.#.##.. #.#
#.###.#.#..#... #.#
#.#..#.#.#.##..##.#
#.#.#.#..#.#....#.#
##.##.##..#.#.##.C#.#
.....#.#(.#.#..)@.#.#
#####################
#..........# #...รท......#
##...)......###
.....)........#
##..........###
##........## ##..........##


You could see an ettin.

Vanquished Creatures
  A tengu reaver (D:11)
  Kirke (Lair:6)
  The ghost of Hycrow the Severer, a journeyman MiBe of Trog (Lair:6)
  A stone giant (Volcano)
  A minotaur (Gauntlet)
  The ghost of Kairos the Covert, a journeyman VSFi of Uskayaw (Lair:4)
  An ettin (D:11)
  The ghost of hitsuchi the Cleaver, a journeyman FoFi of Okawaru (D:11)
  2 death oozes (Lair:6)
  2 fire dragons
  Josephine (D:11)
  A yaktaur captain (D:11)
  A queen ant (Gauntlet)
  2 tengu warriors
  A two-headed ogre (D:10)
  Urug (Lair:4)
  A deep troll earth mage (D:11)
  Nergalle (D:10)
  A skeletal warrior (D:11)
  A flayed ghost (D:11)
  2 unseen horrors
  2 lindwurms (Lair:6)
  A wolf spider (D:9)
  3 deep elf magi (D:11)
  A manticore (D:11)
  4 cyclopes
  12 elephants
  5 black mambas
  A gargoyle (D:10)
  10 spiny frogs
  6 torpor snails
  4 komodo dragons
  2 rime drakes
  An efreet (Volcano)
  2 tengu conjurers (Gauntlet)
  A queen bee (Lair:3)
  A polar bear (Lair:6)
  3 meliai (Gauntlet)
  9 hornets (Lair:6)
  A troll (D:9)
  4 tyrant leeches
  13 blink frogs
  5 hippogriffs
  2 slime creatures (Lair:6)
  A spriggan (D:7)
  2 vampires
  3 wraiths (D:11)
  5 hogs (Lair:6)
  A wyvern (D:9)
  Eustachio (D:5)
  37 yaks
  3 basilisks
  2 hungry ghosts
  Edmund (D:5)
  6 soldier ants (Gauntlet)
  6 swamp worms
  2 acid dragons
  20 water moccasins
  12 porcupines
  2 ice beasts
  6 orc warriors
  4 sky beasts
  5 black bears
  A phantom (D:7)
  6 wolves
  4 ogres
  2 centaurs
  6 crocodiles
  A big kobold (D:10)
  14 bullfrogs
  3 earth elementals (Volcano)
  A gnoll sergeant (D:7)
  A water moccasin zombie (D:5)
  A scorpion (D:5)
  28 killer bees
  5 wights (D:6)
  3 vampire bats (Lair:4)
  3 howler monkeys
  7 crimson imps
  A bullfrog skeleton (D:5)
  A human zombie (Ossuary)
  2 centaur zombies
  8 hounds
  7 jellies
  12 orc wizards
  8 orc priests
  Crazy Yiuf (D:5)
  Jessica (D:3)
  4 iguanas
  4 worker ants
  2 big kobold zombies (Ossuary)
  2 hound skeletons
  2 mummies (Ossuary)
  A howler monkey zombie (D:6)
  A worker ant zombie (D:7)
  6 gnolls
  24 adders
  A shadow imp (D:9)
  3 adder zombies
  4 adder skeletons
  2 worms
  A dart slug (D:4)
  6 leopard geckos
  48 orcs
  15 bats
  4 giant cockroaches
  3 gnoll zombies (Ossuary)
  7 goblins
  5 hobgoblins
  4 jackals
  9 kobolds
  6 quokkas
  3 ball pythons
  5 frilled lizards
  3 goblin zombies
  4 hobgoblin zombies (Ossuary)
  A leopard gecko skeleton (D:8)
  An orc zombie (Ossuary)
  2 quokka skeletons (D:6)
  2 quokka zombies
  8 rats
  2 fungi
  A plant (Lair:6)
560 creatures vanquished.

Vanquished Creatures (collateral kills)
  Sonja (Lair:4)
  An ugly thing (D:11)
  A spiny frog (Lair:1)
  2 wraiths (D:11)
  3 yaks (Lair:2)
  A wolf (Lair:4)
  A killer bee (Lair:3)
  An orc priest (D:11)
  An adder (Lair:4)
  An orc (D:11)
13 creatures vanquished.

Vanquished Creatures (others)
  30 fungi
  27 plants
57 creatures vanquished.

Grand Total: 630 creatures vanquished

Notes
Turn   | Place    | Note
-------+----------+-------------------------------------------
     0 | D:1      | dvd the Minotaur Fighter began the quest for the Orb.
     0 | D:1      | Reached XP level 1. HP: 19/19 MP: 0/0
   145 | D:1      | Reached XP level 2. HP: 27/27 MP: 1/1
   715 | D:2      | Reached skill level 4 in Shields
   809 | D:2      | Reached XP level 3. HP: 29/33 MP: 2/2
  1595 | D:3      | Reached XP level 4. HP: 31/40 MP: 3/3
  2076 | D:3      | Noticed Jessica
  2085 | D:3      | HP: 2/40 [Jessica/wand of flame (15) (8)]
  2086 | D:3      | Killed Jessica
  2086 | D:3      | Reached XP level 5. HP: 2/46 MP: 4/4
  2669 | D:4      | Found Jeitit's Weapon Shop.
  2679 | D:4      | Got a brightly glowing falchion
  2680 | D:4      | Identified the +7 falchion "Gijoug" {speed, *Corrode MR++
                  | Int+2} (You found it on level 4 of the Dungeon)
  2684 | D:4      | Noticed an ogre
  2689 | D:4      | Killed an ogre
  2689 | D:4      | Reached skill level 5 in Armour
  2689 | D:4      | Reached skill level 5 in Shields
  2765 | D:4      | Reached XP level 6. HP: 51/53 MP: 5/5
  2800 | D:4      | Reached skill level 5 in Axes
  2882 | D:4      | Reached skill level 1 in Long Blades
  2884 | D:4      | Reached skill level 1 in Dodging
  3109 | D:4      | Found a sand-covered staircase.
  3123 | Ossuary  | Entered an ossuary
  3359 | Ossuary  | Reached XP level 7. HP: 60/60 MP: 6/6
  3638 | D:4      | Reached skill level 5 in Fighting
  3846 | D:5      | Entered Level 5 of the Dungeon
  3880 | D:5      | Found a staircase to the Ecumenical Temple.
  3888 | Temple   | Entered the Ecumenical Temple
  3892 | Temple   | Became a worshipper of Makhleb the Destroyer
  3930 | D:5      | Noticed Eustachio
  3959 | D:5      | Killed Eustachio
  4180 | D:5      | Found a white marble altar of Elyvilon.
  4337 | D:5      | Noticed Edmund
  4355 | D:5      | Killed Edmund
  4355 | D:5      | Reached XP level 8. HP: 37/69 MP: 7/7
  4662 | D:5      | Reached skill level 6 in Shields
  4727 | D:5      | Reached skill level 5 in Long Blades
  4810 | D:5      | Found a runed translucent door.
  4811 | D:5      | Noticed Crazy Yiuf
  4816 | D:5      | Killed Crazy Yiuf
  5111 | D:6      | Reached skill level 1 in Maces & Flails
  5174 | D:6      | Got a steaming spear
  5175 | D:6      | Identified the +7 spear "Joosach" {flame, *Noise rElec
                  | rN+++ SInv} (You found it on level 6 of the Dungeon)
  5193 | D:6      | Reached * piety under Makhleb
  5339 | D:6      | Reached skill level 1 in Polearms
  5533 | D:6      | Reached XP level 9. HP: 56/75 MP: 8/8
  6239 | D:7      | Found a glowing golden altar of the Shining One.
  6276 | D:7      | Reached skill level 7 in Shields
  6704 | D:7      | Found Oxugur's Elemental Accessories.
  6780 | D:7      | Reached ** piety under Makhleb
  6791 | D:7      | Reached skill level 5 in Polearms
  7191 | D:7      | Reached skill level 1 in Stealth
  7363 | D:8      | Got a scorched long sword
  7364 | D:8      | Identified the cursed +3 long sword of Gingocen {speed,
                  | Int+2} (You found it on level 8 of the Dungeon)
  7424 | D:8      | Reached skill level 8 in Shields
  7430 | D:8      | Noticed an unseen horror
  7441 | D:8      | Killed an unseen horror
  7441 | D:8      | Reached skill level 1 in Invocations
  7441 | D:8      | Reached XP level 10. HP: 73/86 MP: 9/9
  7673 | D:8      | Learned a level 3 spell: Regeneration
  7979 | D:9      | Reached *** piety under Makhleb
  8408 | D:9      | Found a transporter.
  8412 | D:9      | Found a transporter.
  8412 | D:9      | Noticed a cyclops
  8432 | D:9      | Noticed a wolf spider
  8433 | D:9      | Found a transporter.
  8447 | D:9      | Found a transporter.
  8451 | D:9      | Found a transporter.
  8553 | D:10     | Entered Level 10 of the Dungeon
  8591 | D:10     | Noticed a two-headed ogre
  8778 | D:10     | Killed a two-headed ogre
  8778 | D:10     | Reached skill level 5 in Dodging
  8778 | D:10     | Reached skill level 9 in Shields
  8826 | D:10     | Found Mofusiti's Serpentskin Sales.
  8983 | D:10     | Noticed an unseen horror
  8990 | D:10     | Killed an unseen horror
  8990 | D:10     | Reached XP level 11. HP: 93/93 MP: 12/12
  8997 | D:10     | Found a staircase to the Lair.
  9068 | D:10     | Reached **** piety under Makhleb
  9110 | D:10     | Got a scorched hand axe
  9111 | D:10     | Identified the +3 hand axe "Poastu" {holy, rF+ Dex+4} (You
                  | found it on level 10 of the Dungeon)
  9438 | D:10     | Noticed Nergalle
  9457 | D:10     | Killed Nergalle
  9868 | D:11     | Gained mutation: Your spells are a little easier to cast,
                  | but a little less powerful. [potion of mutation]
  9868 | D:11     | Lost mutation: Your spells are a little easier to cast, but
                  | a little less powerful. [potion of mutation]
  9884 | D:11     | Noticed a deep elf mage
  9892 | D:11     | Noticed Josephine
  9893 | D:11     | Killed a deep elf mage
  9893 | D:11     | Reached skill level 10 in Polearms
  9893 | D:11     | Reached skill level 10 in Shields
  9902 | D:11     | Noticed a red ugly thing
  9906 | D:11     | Killed Josephine
  9914 | D:11     | Killed a red ugly thing
 10025 | D:11     | Found a glowing golden altar of the Shining One.
 10322 | D:11     | Noticed a skeletal warrior
 10324 | D:11     | Noticed a yaktaur captain
 10359 | D:11     | HP: 4/95 [yaktaur captain/bolt (22)]
 10364 | D:11     | HP: 1/95 [yaktaur captain/bolt (4)]
 10562 | D:10     | Learned a level 3 spell: Regeneration
 10684 | D:11     | Killed a skeletal warrior
 10684 | D:11     | Reached skill level 5 in Invocations
 10705 | D:11     | Killed a yaktaur captain
 10748 | D:11     | Found a runed translucent door.
 10749 | D:11     | Noticed hitsuchi's ghost (journeyman FoFi)
 10812 | Lair:1   | Entered Level 1 of the Lair of Beasts
 11183 | Lair:1   | Reached XP level 12. HP: 103/103 MP: 14/14
 11477 | Lair:1   | Reached skill level 11 in Shields
 12210 | Lair:2   | Found a staircase to the Swamp.
 13517 | Lair:4   | Noticed Urug
 13521 | Lair:4   | Noticed Sonja
 13556 | Lair:4   | Killed Urug
 13561 | Lair:4   | Reached skill level 12 in Shields
 13789 | Lair:4   | Got a heavily runed gossamer ring
 13791 | Lair:4   | Identified the ring of Yplum {Ice Dex+8} (You found it on
                  | level 4 of the Lair of Beasts)
 13843 | Lair:4   | You fall through a shaft!
 13899 | Lair:5   | Reached XP level 13. HP: 99/112 MP: 17/17
 14002 | Lair:5   | Reached ***** piety under Makhleb
 14050 | Lair:5   | Found a gate leading to a gauntlet.
 14065 | Gauntlet | Entered a Gauntlet
 14065 | Gauntlet | Found a transporter.
 14065 | Gauntlet | Found a transporter.
 14066 | Gauntlet | Found a transporter.
 14069 | Gauntlet | Found a transporter.
 14069 | Gauntlet | Found a transporter.
 14070 | Gauntlet | Found a transporter.
 14079 | Gauntlet | Found a transporter.
 14079 | Gauntlet | Found a transporter.
 14083 | Gauntlet | Found a transporter.
 14091 | Gauntlet | Noticed a death ooze
 14097 | Gauntlet | Found a transporter.
 14197 | Gauntlet | Found a transporter.
 14207 | Gauntlet | Found a transporter.
 14424 | Gauntlet | Got a coiled jade ring
 14426 | Gauntlet | Identified the cursed ring of Qompeu {rN+ EV-3 SInv} (You
                  | found it in a Gauntlet)
 14443 | Gauntlet | Identified the +9 fustibalus of the Firefly {flame, rN+ MR+
                  | Dex-4 SInv}
 14443 | Gauntlet | Identified the amulet of Faorch {+Rage rC+}
 14443 | Gauntlet | Noticed a minotaur
 14463 | Gauntlet | Killed a minotaur
 14463 | Gauntlet | Reached skill level 10 in Fighting
 15324 | Lair:5   | Noticed a fire dragon
 15358 | Lair:5   | Killed a fire dragon
 16013 | Lair:4   | Found a staircase to the Snake Pit.
 16151 | Lair:4   | Killed Sonja
 16513 | Lair:4   | Found a large runed translucent door.
 16514 | Lair:4   | Found a large runed translucent door.
 16517 | Lair:4   | Noticed Kairos's ghost (journeyman VSFi)
 16571 | Lair:4   | Killed Kairos's ghost
 16670 | Lair:6   | Entered Level 6 of the Lair of Beasts
 16671 | Lair:6   | Noticed Kirke
 16700 | Lair:6   | Killed Kirke
 16700 | Lair:6   | Reached skill level 13 in Shields
 16770 | Lair:6   | Found a basalt altar of Yredelemnul.
 16815 | Lair:6   | Found a viscous altar of Jiyva.
 16815 | Lair:6   | Found a staircase to the Slime Pits.
 16844 | Lair:6   | Reached skill level 10 in Axes
 16905 | Lair:6   | Reached XP level 14. HP: 122/122 MP: 18/18
 16950 | Lair:6   | Identified a scroll of acquirement
 16988 | Lair:6   | Found a dark tunnel.
 17003 | Volcano  | Entered a volcano
 17042 | Volcano  | Noticed a stone giant
 17064 | Volcano  | Killed a stone giant
 17615 | Lair:6   | Found a runed translucent door.
 17800 | Lair:6   | Reached skill level 10 in Armour
 17936 | Lair:6   | Reached ****** piety under Makhleb
 17962 | Lair:6   | Paralysed by a hornet for 3 turns
 18110 | Lair:6   | Found a runed translucent gate.
 18110 | Lair:6   | Found a runed translucent gate.
 18110 | Lair:6   | Found a runed translucent gate.
 18114 | Lair:6   | Noticed Hycrow's ghost (journeyman MiBe)
 18116 | Lair:6   | Found a viscous altar of Jiyva.
 18647 | Lair:6   | Killed Hycrow's ghost
 19122 | D:11     | Killed hitsuchi's ghost
 19159 | D:11     | Reached skill level 1 in Evocations
 19159 | D:11     | Reached XP level 15. HP: 131/131 MP: 19/19
 19218 | D:11     | Noticed a tengu reaver
 19234 | D:11     | Reached skill level 14 in Shields
 19242 | D:11     | Killed a tengu reaver
 19398 | D:11     | Identified Tibeistri's Guide on Helpful Malediction
 19453 | D:11     | Mangled by an ettin

Skill      XL: |  1  2  3  4  5  6  7  8  9 10 11 12 13 14 15 |
---------------+----------------------------------------------+-----
Fighting       | 4 5 7 8 9 10 11 | 11.8
Armour         | 4 5 6 7 8 9 10 | 10.7
Shields        | 4 5 6 8 9 10 12 13 14 | 14.2
Axes           | 3 4 5 6 10 11 12 | 12.0
Long Blades    | 2 4 5 7 8 9 |  9.8
Dodging        | 1 2 4 5 6 7 9 |  9.4
Maces & Flails | 3 4 |  4.5
Polearms       | 2 6 9 10 11 12 | 12.1
Stealth        | 1 2 3 |  3.5
Invocations    | 1 3 5 6 7 |  7.6
Evocations     | 1 |  1.7

Action                   |  1- 3 |  4- 6 |  7- 9 | 10-12 | 13-15 || total
-------------------------+-------+-------+-------+-------+-------++-------
Melee: War axe           |    87 |    67 |    18 |    27 |   229 ||   428
       Headbutt          |    12 |    35 |    61 |   192 |   286 ||   586
       Falchion          |       |    56 |    69 |   157 |   265 ||   547
       Spear             |       |       |   248 |   624 |   182 ||  1054
       Flail             |       |       |    36 |       |       ||    36
       Hand axe          |       |       |       |    10 |    49 ||    59
       Long sword        |       |       |       |    23 |    13 ||    36
Throw: Javelin           |       |       |       |       |     1 ||     1
Invok: Minor Destruction |       |       |     4 |    57 |    22 ||    83
       Lesser Servant of |       |       |       |     9 |     2 ||    11
 Abil: Evoke Berserk Rag |       |       |       |       |     2 ||     2
  Use: Potion            |       |       |     2 |    10 |     2 ||    14
       Scroll            |       |       |     1 |    18 |     6 ||    25
 Stab: Sleeping          |       |       |       |     2 |       ||     2
       Distracted        |       |       |       |     2 |       ||     2
  Eat: Chunk             |     2 |     6 |    13 |    20 |    16 ||    57
       Ration            |       |       |       |     1 |     1 ||     2
Armor: Scale mail        |    29 |    44 |    98 |     1 |       ||   172
       Ring mail         |       |       |    23 |   169 |    63 ||   255
       Fire dragon scale |       |       |       |       |   160 ||   160
       Plate armour      |       |       |       |       |    85 ||    85
Dodge: Dodged            |    21 |    30 |   105 |   278 |   393 ||   827
Block: Shield            |    57 |    50 |   178 |   332 |   488 ||  1105
       Rpst.: Falchion   |       |     3 |     4 |     9 |    15 ||    31
       Long sword        |       |       |       |     4 |     1 ||     5
